Map: Nightshade LE

Players

LiquidMaNa (MaNa)

  • Race: Protoss Protoss
  • League: Grandmaster
  • Spawn Location: 5:00

goblin - Winner!

  • Race: Protoss Protoss
  • League: Master
  • Spawn Location: 11:00

Event: StayAtHomestory Cup #1

VOD

Have the link to the VOD?

Description

Time

  • Played on: April 11, 2020, 6:28 a.m.
  • Length: 5:36

All games in this series

Show
View Real Time Build Order
Export as new Build Order

LiquidMaNa Protoss 

Build Orders:  

Get SALT Encoding   

  12  0:00  Probe  
  13  0:12  Probe  
  14  0:17  Pylon  
  14  0:24  Probe (Chrono Boost)  
  15  0:37  Gateway, Probe (Chrono Boost)  
  16  0:44  Probe (Chrono Boost)  
  16  0:46  Assimilator  
  17  0:51  Probe  
  17  0:54  Assimilator  
  18  1:03  Probe (Chrono Boost)  
  19  1:07  Gateway  
  19  1:12  Probe (Chrono Boost)  
  19  1:17  Probe (Chrono Boost)  
  20  1:24  Cybernetics Core  
  21  1:29  Probe  
  22  1:35  Pylon  
  22  1:41  Probe  
  23  1:53  Probe  
  24  2:00  Stalker x2  
  24  2:01  Warp Gate (Chrono Boost)  
  28  2:06  Probe  
  29  2:12  Pylon  
  29  2:29  Probe  
  30  2:31  Stalker x2  
  34  2:40  Pylon  
  34  2:43  Probe  
  35  3:02  Stalker  
  35  3:05  Stalker, Gateway  
  37  3:08  Probe  
  40  3:26  Stargate  
  39  3:33  Pylon  
  35  3:41  Shield Battery, Stalker  
  29  3:44  Stalker  
  27  3:49  Probe  
  27  3:51  Stalker  
  26  3:57  Pylon  
  26  3:59  Shield Battery  
  26  4:02  Pylon  
  26  4:08  Void Ray (Chrono Boost)  
  30  4:19  Stalker  
  32  4:27  Stalker  
  28  4:51  Sentry  
  30  4:57  Zealot  
  30  4:59  Zealot  
  34  5:03  Probe  
Show
View Real Time Build Order
Export as new Build Order

goblin Protoss - Winner!

Build Orders:  

Get SALT Encoding   

  12  0:00  Probe  
  13  0:12  Probe  
  14  0:17  Pylon  
  14  0:24  Probe (Chrono Boost)  
  15  0:36  Probe (Chrono Boost)  
  15  0:38  Gateway  
  16  0:44  Probe (Chrono Boost)  
  16  0:46  Assimilator  
  17  0:53  Probe  
  18  0:57  Assimilator  
  18  1:05  Probe (Chrono Boost)  
  18  1:10  Gateway  
  19  1:15  Probe (Chrono Boost)  
  20  1:20  Probe (Chrono Boost)  
  21  1:25  Cybernetics Core  
  21  1:31  Probe  
  22  1:40  Pylon  
  22  1:44  Probe  
  23  2:02  Robotics Facility  
  23  2:05  Stalker x2  
  27  2:12  Pylon  
  27  2:17  Warp Gate  
  27  2:25  Shield Battery  
  27  2:38  Adept x2  
  31  2:47  Immortal (Chrono Boost)  
  34  3:01  Pylon  
  34  3:16  Warp Prism (Chrono Boost)  
  32  3:45  Immortal (Chrono Boost)  
  34  4:04  Probe  
  34  4:07  Gateway  
  34  4:08  Stalker, Adept  
  39  4:21  Immortal (Chrono Boost)  
  43  4:32  Stalker x2  
  47  4:56  Pylon  
  47  4:57  Pylon  
  45  5:15  Stalker x3  
Tags
 
Add a new tag
Caveats
  • Supply blocks, unpowered buildings, or Contaminate may cause inaccurate times.
  • Supply counts are checked every 10 seconds.